 Dungeon Crawl Stone Soup version 0.31-a0-216-g22e908daa7 (webtiles) character file.

Game seed: 7821283926249364086

142 qw the Shield-Bearer (level 5, -2/32 HPs)
             Began as a Gargoyle Fighter on July 2, 2023.
             Killed from afar by an orc wizard (8 damage)
             ... with a magic dart
             ... on level 3 of the Dungeon.
             The game lasted 00:01:01 (1871 turns).

qw the Shield-Bearer (Gargoyle Fighter)             Turns: 1871, Time: 00:01:02

Health: -2/32      AC: 14    Str: 21    XL:     5   Next: 25%
Magic:  5/5        EV:  8    Int:  9    God:
Gold:   99         SH: 10    Dex:  9    Spells: 4/4 levels left

rFire   . . .        Y - +0 war axe
rCold   . . .        f - +2 kite shield
rNeg    + . .        b - +0 scale mail
rPois   inf          (no helmet)
rElec   +            (no cloak)
rCorr   .            (no gloves)
SInv    .            (no boots)
Will    .....        (no amulet) Stlth
                     j - +4 ring of protection
HPRegen 0.25/turn    (no ring)
MPRegen 0.09/turn

%: no passive effects
@: no status effects
A: sickness immunity, AC +4, negative energy resistance 1, electricity
resistance, torment resistance 1, petrification resistance
a: no special abilities


You were on level 3 of the Dungeon.
You visited 1 branch of the dungeon, and saw 3 of its levels.

You collected 99 gold pieces.


Innate Abilities, Weirdness & Mutations

You are immune to sickness and miasma.
Your stone body is resilient. (AC +4)
You are immune to poison.
You resist negative energy. (rN+)
You are resistant to electric shocks. (rElec)
You are resistant to unholy torment.
You are immune to petrification.


   Skills:
 - Level 3.2 Fighting
 - Level 4.0 Axes
 - Level 3.2 Armour
 + Level 4.6 Shields


You had 4 spell levels left.
You didn't know any spells.
Your spell library was empty.

Inventory:

Hand Weapons
 g - a +0 whip of electrocution
 Y - a +0 war axe (weapon)
Armour
 b - a +0 scale mail (worn)
 f - a +2 kite shield (worn)
 i - a +0 pair of boots
Jewellery
 j - a +4 ring of protection (left hand)
Scrolls
 h - a scroll of identify {unknown}
Potions
 a - a potion of haste {unknown}
 c - a potion of mutation {unknown}
 d - a potion of might
 e - 2 potions of enlightenment {unknown}
 k - a potion of lignification {unknown}

Dungeon Overview and Level Annotations

Branches:
Dungeon (3/15)

Altars:

Annotations:
D:1 1 runed translucent door


Message History

The orc priest invokes the aid of Beogh against you.
You barely resist. The orc barely misses you. Something hits you.
You block the orc priest's attack. The orc hits you but does no damage.
Something hits you but does no damage.
You closely miss the orc.
The orc is heavily wounded.
You closely miss something. You closely miss the orc priest.
The orc priest hits you but does no damage.
You block the orc's attack. Something hits you but does no damage.
You closely miss the orc.
The orc is heavily wounded.
You hit the orc priest. You slash something! You block the orc priest's attack.
You block the orc's attack.
Something hits you but does no damage. x2
The orc priest hits you but does no damage.
You closely miss the orc priest.
The orc priest is moderately wounded.
You barely miss something. You hit the orc wizard.
The orc priest hits you but does no damage.
The orc wizard points at you and mumbles some strange words.
The magic dart hits you.
You hear some strange, mumbled words.
A puff of flame appears from out of thin air!
The puff of flame hits you.
You hit the orc priest.
The orc priest is heavily wounded.
You closely miss the orc wizard. You barely miss something.
You block the orc priest's attack.
The orc wizard hits you but does no damage.
You hear some strange, mumbled words.
A puff of flame appears from out of thin air!
The puff of flame hits you!
You closely miss the orc priest.
The orc priest is heavily wounded.
You barely miss the orc wizard. You barely miss something.
The orc priest looks encouraged for a moment.
Something hits you.
The orc wizard points at you and mumbles some strange words.
The magic dart hits you!
You die...

......# .#.... ....#
....... .#.........#
o.......#... #.#..#.##..
.o......#..###.##.... ..
....!......#.....<.# ..
{.o..lo#..##.......# >.
o.o.(ooK...........###.#
#o#..#.......##..#
#.###@#..#............
#...{o#.....#######.#.
####....###.# #..#
##.#......#####.##
#.#####........### ...
#.#####..... #...# #.#
##.##.. #...#
#..###%.###. ....#
#...<.....#.


You could see an orc priest, an orc wizard, 2 orcs, a kobold and a frilled
lizard.

Vanquished Creatures
  An orc wizard (D:3)
  An iguana (D:2)
  4 adders (D:2)
  A worm (D:2)
  2 orcs (D:3)
  5 ball pythons
  6 bats
  5 endoplasms
  2 giant cockroaches
  3 hobgoblins
  5 jackals
  A quokka (D:2)
  4 frilled lizards
  4 goblins
  3 kobolds
  2 rats (D:1)
49 creatures vanquished.

Notes
Turn   | Place    | Note
-------+----------+-------------------------------------------
     0 | D:1      | qw the Gargoyle Fighter began the quest for the Orb.
     0 | D:1      | Reached XP level 1. HP: 14/14 MP: 1/1
     0 | D:1      | 0 ||| qw: Version: 0.3-a-39-g4513739
     0 | D:1      | 0 ||| qw: Game counter: 7879
     0 | D:1      | 0 ||| qw: Melee chars always use a shield: true
     0 | D:1      | 0 ||| qw: God list: Okawaru
     0 | D:1      | 0 ||| qw: Allow faded altars: false
     0 | D:1      | 0 ||| qw: Do Orc after clearing Dungeon:15 true
     0 | D:1      | 0 ||| qw: Do second Lair branch before Depths: true
     0 | D:1      | 0 ||| qw: Lair rune preference: random
     0 | D:1      | 0 ||| qw: Goals: Normal, Zot:1-4, Slime:5, God:TSO, Crypt,
                  | Tomb, Abyss, Pan, Hells, Win
     0 | D:1      | 0 ||| PLANNING D:1-11
     1 | D:1      | Found a runed translucent door.
    96 | D:1      | Reached XP level 2. HP: 15/19 MP: 2/2
   740 | D:1      | Reached skill level 3 in Axes
   827 | D:1      | 827 ||| UPGRADING to +0 kite shield.
   837 | D:1      | 837 ||| DROPPING +0 buckler.
   838 | D:1      | 838 ||| UPGRADING to +2 kite shield.
   848 | D:1      | 848 ||| DROPPING +0 kite shield.
   849 | D:1      | 849 ||| UPGRADING to +4 ring of protection.
   850 | D:1      | 850 ||| READING scroll labelled PYUSI NUYCAL.
   886 | D:1      | 886 ||| READING scroll labelled SOYBEO ORIRIUT.
   887 | D:1      | 887 ||| READING scroll labelled DAIJU HALEF.
   894 | D:2      | Reached XP level 3. HP: 23/23 MP: 3/3
  1021 | D:2      | 1021 ||| Stepping ~*~*~tactically~*~*~ (stealth).
  1022 | D:2      | 1022 ||| Stepping ~*~*~tactically~*~*~ (stealth).
  1024 | D:2      | 1024 ||| Stepping ~*~*~tactically~*~*~ (hiding).
  1065 | D:2      | 1065 ||| Stepping ~*~*~tactically~*~*~ (stealth).
  1212 | D:2      | Reached XP level 4. HP: 28/28 MP: 4/4
  1801 | D:3      | 1801 ||| Stepping ~*~*~tactically~*~*~ (hiding).
  1804 | D:3      | 1804 ||| Stepping ~*~*~tactically~*~*~ (hiding).
  1825 | D:3      | Reached XP level 5. HP: 24/32 MP: 5/5
  1858 | D:3      | 1858 ||| Stepping ~*~*~tactically~*~*~ (hiding).
  1859 | D:3      | 1859 ||| Stepping ~*~*~tactically~*~*~ (hiding).
  1870 | D:3      | HP: 8/32 [something/puff of flame (8)]
  1871 | D:3      | Killed from afar by an orc wizard

Levels and vault maps discovered:
D:1:      dpeg_arrival_caged_fury, layout_basic
D:2:      layout_loops_ring
D:3:      layout_rooms, kennysheep_slug_shrine, kennysheep_generic_room_9

Skill      XL: |  1  2  3  4 |
---------------+-------------+-----
Axes           | 2 3 4 |  4.0
Shields        | 4 |  4.6
Fighting       | |  3.2
Armour         | |  3.2

Action                     |  1- 3 |  4- 6 || total
---------------------------+-------+-------++-------
  Melee: War axe           |    98 |    76 ||   174
    Use: Scroll            |     3 |       ||     3
 Armour: Scale mail        |    44 |    44 ||    88
  Dodge: Dodged            |    38 |    26 ||    64
  Block: Buckler           |     7 |       ||     7
         Kite shield       |    31 |    45 ||    76

Table legend:
 A = Non-vault XP
 B = Vault XP
 C = Vault XP percentage of total XP
 D = Non-vault monster count
 E = Vault monster count
 F = Vault count percentage of total count
                 A         B        C        D         E       F
            +---------+---------+-------+---------+---------+-------
      Total |     204 |       0 |   0.0 |      49 |       0 |   0.0
            +---------+---------+-------+---------+---------+-------
        D:1 |      33 |       0 |   0.0 |      21 |       0 |   0.0
        D:2 |     121 |       0 |   0.0 |      21 |       0 |   0.0
        D:3 |      50 |       0 |   0.0 |       7 |       0 |   0.0
            +---------+---------+-------+---------+---------+-------
